 Dungeon Crawl Stone Soup version 0.31-a0-358-gac0dbeb3ab (webtiles) character file.

Game seed: 11265509890987562420

699 EC1 the Slasher (level 7, -1/55 HPs)
             Began as a Human Fighter on July 25, 2023.
             Slain by a gnoll
             ... wielding a +0 spear
             ... led by a gnoll bouda
              (4 damage)
             ... on level 5 of the Dungeon.
             The game lasted 00:10:51 (3898 turns).

EC1 the Slasher (Human Fighter)                     Turns: 3898, Time: 00:10:52

Health: -1/55      AC: 10    Str: 18    XL:     7   Next: 97%
Magic:  7/7        EV: 11    Int:  8    God:
Gold:   234        SH:  9    Dex: 13    Spells: 6/6 levels left

rFire   . . .        a - +1 long sword
rCold   . . .        s - +0 kite shield
rNeg    . . .        h - +1 chain mail
rPois   .            (no helmet)
rElec   .            (no cloak)
rCorr   .            (no gloves)
SInv    +            (no boots)
Will    .....        f - amulet of the acrobat Stlth
                     l - +5 ring of evasion
HPRegen 0.29/turn    n - ring of see invisible
MPRegen 0.10/turn

%: acrobat
@: mighty
A: no striking features
a: no special abilities


You were on level 5 of the Dungeon.
You visited 1 branch of the dungeon, and saw 5 of its levels.

You collected 234 gold pieces.

Inventory:

Hand Weapons
 a - a +1 long sword (weapon)
 g - a +2 dagger of venom
 k - a +4 dagger of protection
 m - a +0 sling
Missiles
 p - 2 poisoned darts
Armour
 b - a +0 scale mail
 c - a +0 buckler
 h - a +1 chain mail (worn)
 s - a +0 kite shield (worn)
Jewellery
 f - an amulet of the acrobat (around neck)
 l - a +5 ring of evasion (left hand)
 n - a ring of see invisible (right hand)
Talismans
 t - a serpent talisman
Wands
 i - a wand of flame (14)
Scrolls
 e - a scroll of identify
 q - a scroll of blinking
Potions
 d - a potion of might
 j - a potion of lignification
 o - a potion of curing
 r - a potion of degeneration


   Skills:
 + Level 4.7 Fighting
 + Level 5.4 Long Blades
 + Level 4.5 Armour
 + Level 1.3 Dodging
 + Level 0.8 Stealth
 + Level 4.2 Shields


You had 6 spell levels left.
You didn't know any spells.
Your spell library contained the following spells:

 Spells                   Type           Power      Damage    Failure   Level
 Blink                    Tloc           0%         N/A       100%        2
 Lesser Beckoning         Tloc           0%         N/A       100%        2
 Momentum Strike          Conj/Tloc      0%         3d8       100%        2
 Sublimation of Blood     Necr           0%         N/A       100%        2
 Petrify                  Tmut/Erth      0%         N/A       100%        4
 Irradiate                Conj/Tmut      0%         3d11      100%        5


Dungeon Overview and Level Annotations

Branches:
Dungeon (5/15)
 Temple: D:4-7

Altars:
Ru
Sif Muna


Message History

The gnoll closely misses you. The gnoll misses you.
You hit the gnoll.
The gnoll is heavily wounded.
The gnoll hits you with a +0 halberd.
* * * LOW HITPOINT WARNING * * *
You block the gnoll's attack. The gnoll hits you but does no damage.
You slash the gnoll!
You kill the gnoll!
The gnoll hits you but does no damage. You block the gnoll's attack.
You barely miss the gnoll.
The gnoll is no longer moving quickly.
The gnoll hits you but does no damage. You block the gnoll's attack.
You closely miss the gnoll.
The gnoll hits you from afar with a +0 spear.
* * * LOW HITPOINT WARNING * * *
The gnoll misses you. You block the gnoll's attack.
You completely miss the gnoll. The gnoll hits you with a +0 club.
* * * LOW HITPOINT WARNING * * *
You block the gnoll's attack.
You hit the gnoll.
The gnoll is heavily wounded.
The gnoll hits you with a +0 club!
* * * LOW HITPOINT WARNING * * *
You block the gnoll's attack. x2
You slash the gnoll!
You kill the gnoll!
The gnoll hits you from afar with a +0 spear.
* * * LOW HITPOINT WARNING * * *
The gnoll completely misses you.
Items here: )) ††.
You barely miss the gnoll. The gnoll closely misses you.
The gnoll hits you with a +0 spear.
* * * LOW HITPOINT WARNING * * *
You barely miss the gnoll. You block the gnoll's attack.
You slash the gnoll!
The gnoll is almost dead.
The gnoll closely misses you.
You barely miss the gnoll.
The gnoll is almost dead.
The gnoll hits you with a +0 spear.
You die...

...## ....
... ..
##.# #..#
#.# #)#
######@#
#.....g#
#.....##
#.<...#
#.....#
#$......#
#.....#.#
#.....#...
#.....#
###


You could see a gnoll.

Vanquished Creatures
  2 water moccasins (D:4)
  A black bear (D:4)
  A phantom (D:4)
  A gnoll bouda (D:5)
  Ijyb (D:3)
  2 iguanas (D:4)
  Natasha (D:3)
  4 gnolls (D:5)
  4 adders
  3 worms
  A dart slug (D:2)
  4 orcs (D:3)
  8 bats
  8 endoplasms
  5 giant cockroaches
  18 goblins
  12 hobgoblins
  3 jackals (D:3)
  4 quokkas
  5 ball pythons
  5 frilled lizards
  9 kobolds
  10 rats
112 creatures vanquished.

Notes
Turn   | Place    | Note
-------+----------+-------------------------------------------
     0 | D:1      | EC1 the Human Fighter began the quest for the Orb.
     0 | D:1      | Reached XP level 1. HP: 18/18 MP: 1/1
   103 | D:1      | Reached XP level 2. HP: 21/24 MP: 2/2
   186 | D:1      | Found a faded altar of an unknown god.
   302 | D:1      | Reached XP level 3. HP: 28/29 MP: 3/3
   971 | D:2      | Reached XP level 4. HP: 34/35 MP: 4/4
  1201 | D:2      | Reached skill level 3 in Long Blades
  1990 | D:3      | Reached XP level 5. HP: 30/42 MP: 5/5
  1993 | D:3      | Noticed Natasha
  2002 | D:3      | Killed Natasha
  2104 | D:3      | Noticed Ijyb
  2137 | D:3      | Killed Ijyb
  2138 | D:3      | Reached skill level 4 in Long Blades
  2490 | D:3      | Found a sacrificial altar of Ru.
  2655 | D:4      | Noticed a black bear
  2666 | D:4      | Killed a black bear
  2667 | D:4      | Reached skill level 1 in Dodging
  2667 | D:4      | Reached XP level 6. HP: 15/48 MP: 6/6
  2854 | D:4      | Noticed a water moccasin
  2868 | D:4      | Killed a water moccasin
  2869 | D:4      | Reached XP level 7. HP: 21/54 MP: 7/7
  3036 | D:4      | Reached skill level 5 in Long Blades
  3059 | D:4      | Noticed a water moccasin
  3092 | D:4      | Killed a water moccasin
  3319 | D:4      | Found a shimmering blue altar of Sif Muna.
  3854 | D:5      | Entered Level 5 of the Dungeon
  3895 | D:5      | HP: 2/55 [gnoll/+0 spear[a gnoll bouda] (3)]
  3898 | D:5      | Slain by a gnoll

Illustrated notes

Levels and vault maps discovered:
D:1:      dpeg_arrival_tiny_i, layout_loops_cross, basic_ecumenical_altar,
          minmay_vboxes
D:2:      layout_loops_ring
D:3:      kennysheep_goblin_castle, layout_loops_cross,
          nicolae_ru_great_annihilating_truth, uniq_natasha
D:4:      layout_loops_corners, nicolae_overflow_crystal_walls
D:5:      cheibrodos_fzero, layout_rooms, serial_glass, glass_columns_c,
          glass_columns_b, feat_on_display, minmay_misc_feat_secret_circle

Skill      XL: |  1  2  3  4  5  6  7 |
---------------+----------------------+-----
Long Blades    | 3 4 5 |  5.4
Fighting       | 4 |  4.7
Dodging        | 1 |  1.3
Armour         | 4 |  4.5
Shields        | 4 |  4.2
Stealth        | |  0.8

Action                     |  1- 3 |  4- 6 |  7- 9 || total
---------------------------+-------+-------+-------++-------
  Melee: Long sword        |   125 |   200 |    99 ||   424
  Evoke: Wand              |       |     1 |       ||     1
    Use: Potion            |     4 |     4 |     3 ||    11
         Scroll            |     2 |     5 |       ||     7
   Stab: Paralysed         |       |     1 |       ||     1
 Armour: Scale mail        |    76 |       |       ||    76
         Chain mail        |       |   102 |    32 ||   134
  Dodge: Dodged            |    63 |   146 |    44 ||   253
  Block: Buckler           |    31 |    39 |       ||    70
         Kite shield       |       |    30 |    49 ||    79

Table legend: (Time is in decaauts)
 A = Elapsed time spent in this place.
 B = Non-inter-level travel time spent in this place.
 C = Inter-level travel time spent in this place.
 D = Time resting spent in this place.
 E = Time spent auto-exploring this place.
 F = Levels seen in this place.
 G = Mean time per level.
                   A        B        C        D        E       F      G
               +--------+--------+--------+--------+--------+-----+--------+
         Total |   4020 |   3981 |     39 |    465 |   1815 |   5 |  804.0 |
       Dungeon |   4020 |   3981 |     39 |    465 |   1815 |   5 |  804.0 |
               +--------+--------+--------+--------+--------+-----+--------+

Top non-repeatable levels by time:
     D:4: 1256 daAuts
     D:3: 1027 daAuts
     D:2: 905 daAuts
     D:1: 779 daAuts
     D:5: 52 daAuts
